Kradschützen Motorcycle Team
Selects Italian Combined Arms Battlegroup
Selects Bersaglieri Squad
Construct Light Support Kompanie
Selects Vehicle Support - Secure Location
Selects Vehicle Support - Force Recon
Construct Panzerarmee Kommand
Selects Semovente da 75/18 Assault Gun